 Dungeon Crawl Stone Soup version 0.29.0-4-gdea44cf6ec (webtiles) character file.

Game seed: 377140406007097582

75 qw the Chopper (level 4, -5/39 HPs)
             Began as a Minotaur Fighter on Sept 6, 2022.
             Slain by Grinder (7 damage)
             ... on level 3 of the Dungeon.
             The game lasted 00:00:38 (2367 turns).

qw the Chopper (Minotaur Fighter)                   Turns: 2367, Time: 00:00:38

Health: -5/39      AC: 12    Str: 28    XL:     4   Next: 11%
Magic:  3/3        EV:  8    Int:  5    God:
Gold:   80         SH:  8    Dex: 10    Spells: 3/3 levels left

rFire   . . .      SeeInvis .   Y - +0 war axe
rCold   . . .      Faith    .   n - +0 kite shield
rNeg    . . .      Spirit   .   b - +0 scale mail
rPois   .          Reflect  .   (helmet restricted)
rElec   .          Harm     .   l - +0 cloak
rCorr   .          Rampage  .   (no gloves)
Will    .....                   (no boots)
Stlth   ..........              (no amulet)
HPRegen 0.13/turn               k - +4 ring of protection
MPRegen 0.08/turn               o - +6 ring of strength

@: no status effects
A: horns 2, retaliatory headbutt
a: no special abilities


You were on level 3 of the Dungeon.
You visited 1 branch of the dungeon, and saw 3 of its levels.

You collected 80 gold pieces.


Innate Abilities, Weirdness & Mutations

You have a pair of horns on your head.
You reflexively headbutt those who attack you in melee.


   Skills:
 - Level 3.6 Fighting
 - Level 5.1 Axes
 - Level 3.6 Armour
 - Level 1.0 Dodging
 + Level 3.6 Shields


You had 3 spell levels left.
You didn't know any spells.
Your spell library was empty.

Inventory:

Hand Weapons
 a - a +0 mace
 Y - a +0 war axe (weapon)
Armour
 b - a +0 scale mail (worn)
 l - a +0 cloak (worn)
 n - a +0 kite shield (worn)
Jewellery
 k - a +4 ring of protection (left hand)
 o - a +6 ring of strength (right hand)
Scrolls
 c - a scroll of enchant armour {unknown}
Potions
 d - a potion of might
 e - 2 potions of ambrosia {unknown}
 g - a potion of mutation {unknown}
 m - a potion of degeneration {unknown}

Dungeon Overview and Level Annotations

Branches:
Dungeon (3/15)

Altars:

Shops:
D:2 !

Annotations:
D:3 Grinder


Message History

Grinder hits you.
You writhe in agony.
Grinder hits you.
You writhe in agony.
Grinder hits you.
You writhe in agony.
You can move again.
You closely miss Grinder. You headbutt Grinder.
Grinder is lightly wounded.
Grinder barely misses you. Grinder hits you but does no damage.
You closely miss Grinder. You headbutt Grinder, but do no damage.
Grinder is lightly wounded.
Grinder says, "Wait up."
Grinder gestures at you. You resist with significant effort.
You slash Grinder!
Grinder is moderately wounded.
Grinder barely misses you. Grinder hits you!
You barely miss Grinder.
Grinder is moderately wounded.
Grinder says, "Mostly I couldn't keep them alive."
Grinder hits you.
You writhe in agony.
You closely miss Grinder.
Grinder is moderately wounded.
You block Grinder's attack.
You closely miss Grinder.
Grinder is moderately wounded.
Grinder hits you. Grinder gestures at you. You resist with significant effort.
You slash Grinder! Your headbutt misses Grinder.
Grinder is severely wounded.
You block Grinder's attack.
You hit Grinder but do no damage. You headbutt Grinder.
Grinder is severely wounded.
You block Grinder's attack. Grinder misses you.
You closely miss Grinder. You headbutt Grinder!
Grinder is almost dead.
You block Grinder's attack.
You hit Grinder but do no damage.
Grinder is almost dead.
Grinder hits you!
You die...

### #.#.. #. ..#
#.#.# #. #.#
#.#.# #. #####.#
##.#.## #.
#...#.####......
#.
#.............##
#.
#...#.###.....#
#5###.##.#
##....#
#.@......#
##.#...
#####.####
#.#### #.# #.#
#.# #+# ..# ..#
..# .#


You could see Grinder (strong).

Vanquished Creatures
  A gnoll (D:1)
  3 adders (D:2)
  2 dart slugs
  3 ball pythons
  2 bats (D:1)
  4 endoplasms
  2 giant cockroaches (D:1)
  4 hobgoblins
  A quokka (D:3)
  A frilled lizard (D:2)
  2 goblins
  7 kobolds
  2 rats (D:2)
34 creatures vanquished.

Notes
Turn   | Place    | Note
-------+----------+-------------------------------------------
     0 | D:1      | qw the Minotaur Fighter began the quest for the Orb.
     0 | D:1      | Reached XP level 1. HP: 19/19 MP: 0/0
     0 | D:1      | 0 ||| qw: Version: 0.1-a-107-g55f7f8b
     0 | D:1      | 0 ||| qw: Game counter: 6030
     0 | D:1      | 0 ||| qw: Always use a shield: true
     0 | D:1      | 0 ||| qw: God list: Ru
     0 | D:1      | 0 ||| qw: Allow faded altars: false
     0 | D:1      | 0 ||| qw: Do Orc after D:15 true
     0 | D:1      | 0 ||| qw: Do second Lair branch before Depths: true
     0 | D:1      | 0 ||| qw: Lair rune preference: random
     0 | D:1      | 0 ||| qw: Plans: Normal
     0 | D:1      | 0 ||| PLANNING D:1-11
   278 | D:1      | Reached skill level 3 in Axes
   339 | D:1      | Reached XP level 2. HP: 26/26 MP: 1/1
   396 | D:1      | Reached skill level 4 in Axes
   583 | D:1      | You fall into a shaft and drop 1 floor!
   929 | D:2      | Found Xudusurgh's Distillery.
   934 | D:2      | Reached XP level 3. HP: 31/31 MP: 2/2
   938 | D:2      | 938 ||| SHOPLISTING potion of curing (30 gold, have 21).
   938 | D:2      | 938 ||| SHOPLISTING potion of heal wounds (50 gold, have
                  | 21).
  1035 | D:2      | 1035 ||| UPGRADING to +0 cloak.
  1040 | D:2      | 1040 ||| UPGRADING to +0 kite shield.
  1050 | D:2      | 1050 ||| DROPPING +0 buckler.
  1051 | D:2      | 1051 ||| DROPPING amulet of magic regeneration.
  1052 | D:2      | 1052 ||| UPGRADING to +4 ring of protection.
  1053 | D:2      | 1053 ||| UPGRADING to +6 ring of strength.
  1054 | D:2      | 1054 ||| READING scroll labelled LEX BIQ HOMAO.
  1059 | D:2      | 1059 ||| READING scroll labelled RUUTAP CUASAK.
  1060 | D:2      | 1060 ||| READING scroll labelled NAYNEI ITYR.
  1298 | D:1      | Found a faded altar of an unknown god.
  1628 | D:1      | 1628 ||| DROPPING +0 club.
  1804 | D:2      | Reached skill level 5 in Axes
  1819 | D:2      | Reached XP level 4. HP: 37/39 MP: 3/3
  1972 | D:2      | Reached skill level 1 in Dodging
  2345 | D:3      | Noticed Grinder
  2345 | D:3      | Paralysed by Grinder for 5 turns
  2350 | D:3      | 2350 ||| Stepping ~*~*~tactically~*~*~ (hiding).
  2354 | D:3      | Paralysed by Grinder for 4 turns
  2361 | D:3      | HP: 8/39 [Grinder (5)]
  2363 | D:3      | HP: 1/39 [Grinder (5)]
  2367 | D:3      | Slain by Grinder

Levels and vault maps discovered:
D:1:      amcnicky_arrival_feature_with_door, layout_basic,
          shapermc_ecumenical_altar_acropolis
D:2:      layout_basic, serial_shops, nicolae_square_shop, grunt_ministairs_1
D:3:      layout_loops_corners, nicolae_overflow_hidden_temple,
          grunt_ministairs_8, roderic_roman_lattice, minmay_misc_feat_iff,
          uniq_grinder

Skill      XL: |  1  2  3  4 |
---------------+-------------+-----
Axes           | 3 4 5 |  5.1
Dodging        | 1 |  1.0
Fighting       | |  3.6
Armour         | |  3.6
Shields        | |  3.6

Action                   |  1- 3 |  4- 6 || total
-------------------------+-------+-------++-------
Melee: War axe           |    60 |    14 ||    74
       Headbutt          |     8 |     5 ||    13
  Use: Scroll            |     3 |       ||     3
Armor: Scale mail        |    22 |     1 ||    23
Dodge: Dodged            |    17 |     3 ||    20
Block: Buckler           |     7 |       ||     7
       Kite shield       |     4 |     4 ||     8

Table legend:
 A = Non-vault XP
 B = Vault XP
 C = Vault XP percentage of total XP
 D = Non-vault monster count
 E = Vault monster count
 F = Vault count percentage of total count
                 A         B        C        D         E       F
            +---------+---------+-------+---------+---------+-------
      Total |     106 |       2 |   1.9 |      32 |       2 |   5.9
            +---------+---------+-------+---------+---------+-------
        D:1 |      44 |       0 |   0.0 |      17 |       0 |   0.0
        D:2 |      60 |       2 |   3.2 |      14 |       2 |  12.5
        D:3 |       2 |       0 |   0.0 |       1 |       0 |   0.0
            +---------+---------+-------+---------+---------+-------
